AoeStats
← Mr.Robin

Coastal Forest

511014099Analyzed
4v4 RM · 6h ago on Oct 3, 2026· 20m 32s· 8 players
Game mode
Random Map
Map size
Large (8 player)
Population
200
Speed
Normal
Resources
Standard
Victory
Conquest
Starting age
Dark Age
Ending age
Imperial Age
RankedLock teamsTeams togetherTeam positionsShared explorationLock speedFull tech treeHidden civsTurbo modeCheats
Victory
Defeat
🇨🇳 Armenians · China
1378
+17
🇭🇰 Poles · Hong Kong SAR China
1377
+17
🇨🇳 Japanese · China
1367
+18
🇨🇳 Persians · China
1345
+19
🇨🇳 Italians · China
1582
-24
🇨🇳 Chinese · China
1455
-20
1356
-16
🇦🇷 Franks · Argentina
1231
-11
qw75985
5:52 Loom
5:57 Loom
8:38 Feudal Age
9:22 Double-Bit Axe
9:35 Horse Collar
14:58 Wheelbarrow
19:01 Castle Age
17:22 Gold Mining
19:16 Fletching
19:53 Bow Saw
19:53 Heavy Plow
20:37 Gold Shaft Mining
20:09 Husbandry
20:30 Bodkin Arrow
白鸟ii
9:57 Feudal Age
14:36 Castle Age
12:55 Double-Bit Axe
15:36 Loom
18:26 Bow Saw
20:38 Wheelbarrow
拿捏木村
8:01 Loom
10:42 Feudal Age
11:25 Double-Bit Axe
11:21 Horse Collar
19:32 Castle Age
18:36 Fletching
20:44 Wheelbarrow
20:23 Bow Saw
20:20 Heavy Plow
Hakka
9:57 Feudal Age
10:18 Man-at-Arms
11:12 Loom
11:25 Long Swordsman
12:12 Arson
13:31 Scale Mail Armor
14:58 Forging
16:56 Horse Collar
Mr.Robin
0:26 Loom
11:27 Feudal Age
12:16 Double-Bit Axe
15:22 Castle Age
13:24 Gold Mining
14:20 Fletching
14:54 Fishing Lines
16:25 Bow Saw
16:34 Medium Warships
16:25 Bodkin Arrow
18:23 Gillnets
19:19 Wheelbarrow
CYJ8564
2:41 Loom
10:38 Feudal Age
12:30 Double-Bit Axe
16:52 Forging
16:48 Scale Barding Armor
21:48 Castle Age
小白妈妈
8:12 Feudal Age
9:29 Double-Bit Axe
10:36 Loom
11:53 Horse Collar
15:24 Wheelbarrow
15:05 Scale Barding Armor
16:47 Town Watch
20:25 Castle Age
20:01 Gold Mining
哭稀饭(2125613428)
6:51 Loom
9:43 Feudal Age
12:17 Double-Bit Axe
13:41 Horse Collar
17:19 Wheelbarrow
22:39 Castle Age
20:51 Stone Mining
Connection lost

Rejoining the realm…

Still unreachable

The connection could not be restored.

Session expired

The server has moved on; the page needs a fresh start.